 Dungeon Crawl Stone Soup version 0.22.1-6-g1668fe2 (webtiles) character file.

7649 teukkam the Blocker (level 10, -13/92 HPs)
             Began as a Minotaur Fighter on Jan 15, 2019.
             Was a High Priest of Lugonu.
             Mangled by an orc warrior
             ... wielding a +0 flail
              (26 damage)
             ... on level 9 of the Dungeon on Jan 16, 2019.
             The game lasted 00:46:41 (9228 turns).

teukkam the Blocker (Minotaur Fighter)              Turns: 9228, Time: 00:46:41

Health: -13/92     AC: 16    Str: 25    XL:     10   Next: 99%
Magic:  12/13      EV: 12    Int:  5    God:    Lugonu [*****.]
Gold:   479        SH:  0    Dex:  9    Spells: 9/9 levels left

rFire    . . .     SeeInvis .   a - +4 quarterstaff (chaos)
rCold    + . .     Gourm    .   (shield currently unavailable)
rNeg     . . .     Faith    .   X - +0 chain mail (curse)
rPois    .         Spirit   .   (helmet restricted)
rElec    .         Reflect  .   y - +0 cloak
rCorr    .         Harm     .   (no gloves)
MR       .....                  l - +2 pair of boots
Stlth    ..........             (no amulet)
HPRegen  0.25/turn              p - ring of protection from cold
MPRegen  0.13/turn              m - +4 ring of evasion

@: no status effects
A: retaliatory headbutt, horns 2
a: Depart the Abyss, Bend Space, Banish, Corrupt, Enter the Abyss, Renounce
Religion


You were on level 9 of the Dungeon.
You worshipped Lugonu.
Lugonu was extremely pleased with you.
You were not hungry.

You visited 1 branch of the dungeon, and saw 9 of its levels.
You also visited: Sewer.

You collected 479 gold pieces.

Inventory:

Hand Weapons
 a - a +4 quarterstaff of chaos (weapon)
 b - a +0 shortbow
 g - a +0 short sword
 h - a +1 mace of protection
 w - a +0 flail of draining
 x - a +0 war axe
 A - a +4 flail
 F - a +0 whip of flaming
 J - a +0 rapier of protection
 K - a +0 mace of draining
 L - a +0 hunting sling
 V - a +1 flail of venom
 W - a +0 whip of freezing
Missiles
 q - 6 curare-tipped needles
 s - 389 stones (quivered)
 v - 19 poisoned needles
 z - 71 sling bullets
 M - 87 arrows
Armour
 c - a +0 shield
 l - a +2 pair of boots (worn)
 y - a +0 cloak (worn)
 X - a cursed +0 chain mail (worn)
Magical Staves
 e - an uncursed staff of death
Jewellery
 m - a +4 ring of evasion (right hand)
 p - a ring of protection from cold (left hand)
 r - an uncursed ring of teleportation
 P - an uncursed ring of protection from cold
Wands
 f - a wand of digging (23)
 B - a wand of iceblast (9)
 H - a wand of random effects (21)
Scrolls
 n - 2 scrolls of magic mapping
 t - 2 scrolls of identify
 u - a scroll of blinking {unknown}
 C - a scroll of holy word {unknown}
 D - 2 scrolls of teleportation {unknown}
 G - a scroll of enchant weapon {unknown}
 I - 2 scrolls of remove curse
 Q - a scroll of enchant armour
Potions
 d - 2 potions of curing
 i - 2 potions of cancellation
 j - a potion of might
 o - a potion of berserk rage
 E - a potion of mutation {unknown}
 N - 3 potions of ambrosia
 O - a potion of resistance {unknown}
 R - 2 potions of invisibility
 S - 2 potions of lignification {unknown}
 T - 2 potions of agility {unknown}
Comestibles
 k - 8 rations


   Skills:
 + Level 9.7 Fighting
 - Level 6.5 Axes
 + Level 6.3 Staves
 - Level 3.4 Slings
 + Level 4.5 Bows
 + Level 9.6 Armour
 + Level 9.7 Shields
 + Level 5.5 Invocations


You had 9 spell levels left.
You didn't know any spells.
Your spell library contained the following spells:

 Spells                   Type           Power        Failure   Level  Hunger
 Confusing Touch          Hex            #.....       95%         1    ##.....
 Freeze                   Ice            #...         95%         1    ##.....
 Sting                    Conj/Pois      #...         95%         1    ##.....
 Poisonous Vapours        Pois/Air       #.....       99%         2    ###....
 Throw Frost              Conj/Ice       #.....       99%         2    ###....
 Confuse                  Hex            #.......     100%        3    ####...
 Gell's Gravitas          Tloc           #.........   100%        3    ####...
 Mephitic Cloud           Conj/Pois/Air  #.......     100%        3    ####...
 Ozocubu's Armour         Chrm/Ice       #.......     100%        3    ####...
 Olgreb's Toxic Radiance  Pois           #.......     100%        4    #####..
 Petrify                  Tmut/Erth      #.......     100%        4    #####..
 Summon Ice Beast         Ice/Summ       #.......     100%        4    #####..
 Throw Icicle             Conj/Ice       #.......     100%        4    #####..
 Metabolic Englaciation   Hex/Ice        #.........   100%        5    ######.
 Venom Bolt               Conj/Pois      #.........   100%        5    ######.
 Yara's Violent Unravell  Hex/Tmut       #.........   100%        5    ######.


Dungeon Overview and Level Annotations

Branches:
Dungeon (9/15)
 Temple: D:4-7         Lair: D:8-11         Orc: D:9-12

Altars:
Ashenzari
Dithmenos
Fedhas
Kikubaaqudgha
Makhleb
Nemelex Xobeh
Ru
Sif Muna
Lugonu

Shops:
D:5 !

Annotations:
Abyss:1 Grum


Innate Abilities, Weirdness & Mutations

You reflexively headbutt those who attack you in melee.
You have a pair of horns on your head.


Message History

The yak is severely wounded.
The wight is no longer moving slowly.
The orc warrior hits you with a flail!! The yak closely misses you.
You sock the yak! You freeze the yak.
You kill the yak!
Lugonu accepts your kill. The orc warrior hits you with a flail.
The orc warrior hits you with a flail!!
* * * LOW HITPOINT WARNING * * *
Space bends around you!
You blink.
The orc warrior rages.
A quokka comes into view.
The orc warrior rages.
The quokka bites you but does no damage.
You hear a shout!
You hear a shout! x4; You hear two shouts!
You hear an angry hiss.
An orc comes into view. It is wielding a dagger.
You closely miss the orc warrior. You headbutt the orc warrior!
The orc warrior is almost dead.
The orc warrior misses you. The orc warrior hits you with a flail!!
You die...

#.........†..
##..........##
#....P.......#
##....Pz....P.#
#P.zPz)..z.P...
##.zP.P####...P.
#.zPP..# #.....
#####...P..#..'.....
#..@or...P.####.PP..
#.####....P.....P..P
.o .....P.P...P...#
#.. .#......P.P.P..#
... ....P.P...P..##
## .#......!..##
##....


You could see an orc warrior (berserk), 4 wights, an orc and a quokka.

Vanquished Creatures
  Erica (D:8)
  A two-headed ogre (D:9)
  Pikel (D:4)
  Grinder (D:5)
  Sigmund (D:6)
  A yak (D:9)
  Eustachio (D:6)
  A basilisk (D:8)
  Edmund (D:4)
  Menkaure (D:5)
  Duvessa (D:6)
  A water moccasin (D:8)
  3 porcupines (D:9)
  An ice beast (D:5)
  3 orc warriors (D:7)
  3 slaves (D:4)
  A sky beast (D:9)
  2 ogres
  A phantom (D:9)
  3 wolves
  6 centaurs
  A big kobold (D:7)
  10 bullfrogs
  Dowan (D:6)
  3 scorpions
  A wight (D:9)
  2 howler monkeys
  2 bullfrog zombies (D:8)
  9 hounds
  A jelly (D:5)
  Crazy Yiuf (D:2)
  2 bullfrog skeletons
  9 orc priests
  4 centaur skeletons
  Ijyb (D:4)
  An iguana (D:8)
  Natasha (twice) (D:3)
  9 orc wizards
  4 worker ants
  A killer bee zombie (D:6)
  A hound zombie (D:6)
  A worker ant zombie (D:6)
  12 adders
  7 gnolls
  2 shadow imps
  An ooze (D:1)
  2 adder zombies
  2 worms (D:2)
  A dart slug (D:3)
  7 leopard geckos
  A leopard gecko (shapeshifter) (D:8)
  34 orcs
  3 ball pythons (Sewer)
  8 giant cockroaches
  13 hobgoblins
  9 jackals
  14 kobolds
  6 quokkas
  A ball python skeleton (D:4)
  11 bats
  5 frilled lizards
  11 goblins
  A jackal skeleton (D:4)
  A leopard gecko skeleton (D:4)
  7 rats
260 creatures vanquished.

Vanquished Creatures (others)
  An orc warrior (D:8)
  A necrophage (D:8)
  11 fungi (D:9)
  2 plants (D:9)
15 creatures vanquished.

Grand Total: 275 creatures vanquished

Notes
Turn   | Place    | Note
-------+----------+-------------------------------------------
     0 | D:1      | teukkam the Minotaur Fighter began the quest for the Orb.
     0 | D:1      | Reached XP level 1. HP: 19/19 MP: 0/0
    61 | D:2      | Reached XP level 2. HP: 13/27 MP: 1/1
   289 | D:2      | Reached XP level 3. HP: 24/33 MP: 2/2
   565 | D:3      | Reached XP level 4. HP: 35/41 MP: 3/3
   845 | D:3      | Noticed Natasha
   861 | D:3      | Killed Natasha
  1067 | D:3      | Noticed Natasha
  1068 | D:4      | Noticed Edmund
  1078 | D:3      | Killed Natasha
  1078 | D:3      | Reached XP level 5. HP: 47/47 MP: 4/4
  1250 | D:4      | Reached skill level 5 in Fighting
  1250 | D:4      | Reached skill level 5 in Armour
  1250 | D:4      | Reached skill level 5 in Shields
  1367 | D:4      | Reached XP level 6. HP: 25/56 MP: 5/5
  1398 | D:5      | Entered Level 5 of the Dungeon
  1451 | D:5      | Noticed Sigmund
  1454 | D:5      | Found Leumem's Distillery.
  1484 | D:6      | Noticed Eustachio
  1509 | D:5      | Found a glowing drain.
  1514 | Sewer    | Entered a sewer
  2001 | Sewer    | Reached skill level 5 in Axes
  2001 | Sewer    | Reached XP level 7. HP: 36/62 MP: 6/6
  2503 | D:5      | Found a blossoming altar of Fedhas.
  2780 | D:5      | Noticed Grinder
  2809 | D:5      | Killed Grinder
  2809 | D:5      | Reached XP level 8. HP: 35/71 MP: 7/7
  2982 | D:5      | Found a burning altar of Makhleb.
  2982 | D:5      | Found a sacrificial altar of Ru.
  2987 | D:5      | Found a shattered altar of Ashenzari.
  2990 | D:5      | Found a sparkling altar of Nemelex Xobeh.
  2991 | D:5      | Found a faded altar of an unknown god.
  2996 | D:5      | Became a worshipper of Lugonu the Unformed
  2996 | D:5      | Reached * piety under Lugonu
  2996 | D:5      | Reached ** piety under Lugonu
  3053 | D:5      | Noticed Menkaure
  3061 | D:5      | Killed Menkaure
  3871 | D:2      | Found a runed door.
  3875 | D:2      | Noticed Crazy Yiuf
  3884 | D:2      | Killed Crazy Yiuf
  4051 | D:2      | Reached *** piety under Lugonu
  4376 | D:4      | Killed Edmund
  4376 | D:4      | Reached skill level 1 in Slings
  4564 | D:4      | Reached skill level 1 in Invocations
  4564 | D:4      | Noticed Ijyb
  4569 | D:4      | Killed Ijyb
  4760 | D:4      | Noticed Pikel
  4778 | D:4      | Killed Pikel
  4778 | D:4      | Reached XP level 9. HP: 21/80 MP: 7/9
  5081 | D:4      | Found a blossoming altar of Fedhas.
  5081 | D:4      | Found an ancient bone altar of Kikubaaqudgha.
  5811 | D:6      | Killed Eustachio
  5948 | D:6      | Killed Sigmund
  6131 | D:6      | Upgraded the game from 0.22.1-5-g62c59d9 to
                  | 0.22.1-6-g1668fe2
  6238 | D:6      | Noticed Duvessa
  6238 | D:6      | Noticed Dowan
  6247 | D:6      | Killed Dowan
  6251 | D:6      | Killed Duvessa
  6465 | D:7      | Reached **** piety under Lugonu
  6492 | D:7      | Reached skill level 1 in Bows
  6613 | D:7      | Found a deep blue altar of Sif Muna.
  7095 | D:7      | Reached XP level 10. HP: 58/90 MP: 12/12
  7518 | D:8      | Found a shadowy altar of Dithmenos.
  7526 | D:8      | Noticed Erica
  7528 | D:8      | Noticed Grum
  7935 | D:7      | Reached skill level 5 in Staves
  8297 | D:9      | Noticed a two-headed ogre
  8326 | D:9      | Reached ***** piety under Lugonu
  8331 | D:9      | Killed a two-headed ogre
  8398 | D:9      | Reached skill level 5 in Invocations
  8497 | D:8      | Banished Grum
  8714 | D:8      | Killed Erica
  9228 | D:9      | Mangled by an orc warrior

Skill      XL: |  1  2  3  4  5  6  7  8  9 10 |
---------------+-------------------------------+-----
Armour         | 4 5 6 7 8 9 |  9.6
Shields        | 4 5 6 7 8 9 |  9.7
Fighting       | 4 5 6 7 8 9 |  9.7
Axes           | 3 4 5 6 |  6.5
Slings         | 2 3 |  3.4
Invocations    | 2 4 5 |  5.5
Staves         | 2 4 6 |  6.3
Bows           | 2 4 |  4.5

Action                   |  1- 3 |  4- 6 |  7- 9 | 10-12 || total
-------------------------+-------+-------+-------+-------++-------
Melee: War axe           |   108 |   182 |   127 |       ||   417
       Headbutt          |    20 |    18 |    55 |    26 ||   119
       Quarterstaff      |       |       |   167 |   141 ||   308
       Flail             |       |       |     3 |       ||     3
 Fire: Hunting sling     |       |       |    40 |       ||    40
       Shortbow          |       |       |    52 |    48 ||   100
Throw: Stone             |       |       |     1 |       ||     1
Invok: Bend Space        |       |       |     1 |     3 ||     4
       Banish            |       |       |       |     1 ||     1
Evoke: Wand              |       |       |     1 |    11 ||    12
  Use: Potion            |       |     6 |     1 |     4 ||    11
       Scroll            |       |     4 |     5 |       ||     9
  Eat: Ration            |       |     1 |     2 |     1 ||     4
       Chunk             |       |     1 |    10 |     6 ||    17
Armor: Scale mail        |    64 |    96 |    45 |       ||   205
       Chain mail        |       |       |   111 |   104 ||   215
Dodge: Dodged            |    37 |    59 |   161 |   118 ||   375
Block: Shield            |    63 |    95 |    61 |       ||   219
